Map: Site Delta LE

Players

Papaours

  • Race: Zerg Zerg
  • League: Master
  • Spawn Location: 5:00

Djorjx - Winner!

  • Race: Terran Terran
  • League: Master
  • Spawn Location: 11:00

VOD

Have the link to the VOD?

Description

Time

  • Played on: Dec. 8, 2023, 5:44 p.m.
  • Length: 12:16
Show
View Real Time Build Order
Export as new Build Order

Papaours Zerg 

Build Orders: Hatch First 

Get SALT Encoding   

  12  0:00  Drone  
  13  0:12  Overlord  
  13  0:16  Drone  
  14  0:30  Drone x2  
  16  0:49  Hatchery  
  15  0:51  Drone  
  15  0:55  Drone  
  17  0:59  Drone  
  18  1:10  Extractor  
  17  1:14  Spawning Pool  
  17  1:17  Drone  
  17  1:20  Drone  
  18  1:28  Drone  
  19  1:41  Drone  
  20  1:50  Drone  
  21  2:01  Queen x2  
  21  2:02  Zergling x2  
  21  2:05  Zergling x2  
  27  2:14  Hatchery  
  26  2:21  Drone  
  26  2:22  Drone  
  28  2:40  Metabolic Boost  
  28  2:51  Overlord x2  
  28  3:01  Extractor  
  28  3:02  Queen  
  28  3:03  Extractor  
  28  3:10  Drone x5  
  28  3:12  Drone x3  
  38  3:25  Drone x2  
  40  3:28  Drone x2  
  42  3:45  Overlord  
  42  3:47  Drone  
  42  3:59  Spore Crawler  
  42  4:01  Drone x9  
  51  4:06  Spore Crawler  
  51  4:09  Queen x3  
  57  4:11  Overlord x2  
  57  4:17  Overlord  
  57  4:23  Zergling x2  
  58  4:34  Overlord  
  58  4:35  Drone x8  
  66  4:49  Queen  
  68  4:55  Drone  
  68  4:56  Drone x6  
  75  5:02  Overlord  
  75  5:03  Drone  
  75  5:04  Drone  
  77  5:10  Extractor  
  73  5:16  Zergling x8  
  71  5:25  Drone x3  
  71  5:26  Drone x6  
  73  5:31  Spore Crawler  
  71  5:39  Lair, Evolution Chamber x2  
  71  5:40  Baneling Nest  
  71  5:42  Drone x4  
  71  5:47  Drone x2  
  72  5:54  Spore Crawler  
  71  6:03  Drone x4  
  75  6:06  Zerg Ground Armor Level 1, Hatchery  
  75  6:07  Zerg Melee Weapons Level 1, Extractor x2  
  75  6:09  Drone x2  
  74  6:11  Extractor  
  74  6:12  Extractor  
  74  6:16  Overlord  
  74  6:17  Zergling x8  
  76  6:21  Drone x4  
  80  6:29  Hatchery  
  80  6:30  Zergling x4  
  81  6:34  Zergling x4  
  81  6:35  Zergling x2  
  81  6:39  Centrifugal Hooks  
  84  6:40  Baneling  
  84  6:45  Zergling x8  
  84  6:46  Zergling x6  
  91  6:48  Baneling x2  
  91  6:53  Drone, Overlord x2  
  92  6:56  Zergling x4  
  94  7:04  Overlord x4  
  94  7:09  Baneling x5  
  94  7:10  Baneling x2  
  94  7:11  Zergling x2  
  94  7:12  Zergling x10  
  100  7:17  Zergling x2  
  100  7:18  Zergling x4  
  100  7:21  Zergling x2  
  100  7:22  Zergling x6  
  107  7:26  Baneling x2  
  107  7:27  Baneling x5  
  107  7:29  Zergling x2  
  108  7:34  Baneling x2  
  108  7:36  Zergling x2  
  112  7:37  Zergling x10  
  112  7:41  Baneling  
  112  7:42  Baneling x2  
  112  7:43  Zergling x6  
  111  7:46  Zergling x4  
  111  7:47  Zergling x2  
  104  7:58  Zergling x14  
  99  8:04  Baneling x7  
  97  8:08  Drone x2  
  97  8:09  Drone  
  97  8:10  Drone  
  97  8:11  Drone  
  98  8:16  Drone x3  
  98  8:17  Drone x3  
  96  8:28  Zergling x12  
  96  8:32  Zergling x2  
  96  8:33  Zergling x4  
  95  8:37  Zergling x8  
  91  8:43  Zergling x6  
  91  8:44  Zergling x2  
  91  8:45  Zergling x8  
  99  8:51  Zergling x4  
  99  8:54  Baneling  
  99  8:55  Baneling x11  
  101  8:57  Zerg Ground Armor Level 2  
  101  9:02  Zergling x4  
  103  9:03  Zergling x4  
  103  9:04  Baneling  
  103  9:05  Baneling x2  
  105  9:10  Zergling x2  
  105  9:11  Zergling x14  
  105  9:13  Zerg Melee Weapons Level 2  
  105  9:16  Spore Crawler  
  112  9:22  Overseer  
  110  9:25  Zergling x10  
  110  9:27  Baneling x3  
  101  9:33  Zergling x2  
  101  9:34  Zergling x20  
  99  9:40  Zergling x14  
  99  9:43  Baneling x5  
  99  9:44  Baneling x2  
  106  9:48  Zergling x2  
  106  9:49  Zergling x8  
  106  9:51  Queen  
  113  9:55  Drone x2  
  113  9:56  Drone x2  
  113  9:59  Hydralisk Den  
  116  10:04  Zergling x18  
  116  10:05  Zergling x2  
  110  10:10  Zergling x2  
  95  10:15  Overseer x2  
  95  10:18  Zergling x2  
  95  10:19  Zergling x6  
  95  10:21  Baneling x6  
  94  10:24  Baneling x4  
  94  10:25  Zergling x2  
  94  10:26  Zergling x14  
  102  10:32  Pneumatized Carapace  
  102  10:37  Drone  
  102  10:38  Drone  
  104  10:47  Muscular Augments  
  104  10:49  Zergling x24  
  117  10:50  Zergling x2  
  117  10:56  Baneling x9  
  117  11:01  Zergling x18  
  117  11:02  Zergling x4  
  123  11:10  Baneling  
  123  11:11  Baneling x5  
  118  11:14  Zergling x10  
  118  11:17  Baneling  
  118  11:18  Baneling  
  93  11:25  Baneling  
  93  11:26  Baneling x4  
  84  11:34  Zergling x10  
  84  11:35  Zergling x10  
  84  11:39  Zergling x6  
  92  11:42  Zergling x10  
  94  11:53  Zergling x14  
  96  11:56  Baneling x10  
  96  11:57  Zergling x2  
  96  11:58  Zergling x4  
Show
View Real Time Build Order
Export as new Build Order

Djorjx Terran - Winner!

Build Orders: Liberator Opening, Reaper Expand 

Get SALT Encoding   

  12  0:00  SCV  
  13  0:12  SCV  
  14  0:17  Supply Depot  
  14  0:24  SCV  
  15  0:38  SCV  
  15  0:39  Barracks  
  16  0:43  Refinery  
  16  0:50  SCV  
  17  1:03  SCV  
  18  1:15  SCV  
  19  1:27  Orbital Command, Reaper  
  20  1:38  Command Center  
  20  1:47  Supply Depot  
  20  1:53  SCV  
  21  1:59  Marine  
  22  2:05  SCV  
  23  2:12  Factory  
  23  2:17  SCV  
  23  2:20  Barracks Reactor  
  24  2:29  SCV  
  25  2:41  SCV  
  25  2:43  Command Center  
  26  2:51  Orbital Command  
  26  2:53  SCV  
  27  3:04  Starport  
  27  3:07  SCV  
  28  3:14  Hellion x2  
  28  3:18  SCV, Refinery  
  33  3:23  SCV  
  34  3:27  Barracks Tech Lab  
  34  3:30  SCV  
  35  3:35  SCV  
  35  3:36  Hellion x2  
  40  3:42  SCV  
  40  3:47  SCV  
  42  3:53  Liberator  
  42  3:54  SCV  
  46  3:56  Orbital Command  
  46  3:59  SCV  
  46  4:01  Hellion x2  
  51  4:06  SCV  
  51  4:11  SCV  
  51  4:16  Stimpack  
  52  4:18  SCV  
  52  4:22  SCV, Supply Depot  
  52  4:23  SCV  
  55  4:30  SCV  
  56  4:34  SCV  
  56  4:35  SCV  
  56  4:36  Barracks  
  58  4:39  Barracks, Supply Depot, Refinery  
  58  4:40  Factory Tech Lab, Refinery  
  58  4:44  Starport Reactor  
  58  4:45  SCV  
  59  4:47  SCV  
  59  4:49  Supply Depot, SCV  
  59  4:51  Marine  
  60  5:00  SCV  
  60  5:01  Engineering Bay x2  
  61  5:07  Siege Tank  
  61  5:08  SCV x2  
  66  5:20  SCV  
  67  5:26  SCV  
  67  5:28  Terran Infantry Weapons Level 1, Terran Infantry Armor Level 1  
  61  5:31  Orbital Command  
  61  5:33  Marine x3  
  63  5:35  Barracks  
  63  5:36  Supply Depot  
  63  5:37  Barracks, Supply Depot, SCV  
  63  5:40  Starport Reactor, Marine x2  
  66  5:42  Siege Tank  
  66  5:46  SCV  
  65  5:51  Marine x3  
  65  5:52  SCV  
  65  5:56  Combat Shield  
  69  5:58  Marine x2  
  69  5:59  SCV  
  69  6:00  SCV  
  73  6:07  SCV, Supply Depot  
  73  6:09  Marine x3  
  77  6:14  Siege Tank, SCV x2  
  77  6:15  Marine  
  77  6:16  Marine  
  77  6:18  Medivac x2, Supply Depot  
  84  6:19  SCV  
  89  6:26  Barracks Reactor x2, Marine, SCV x2  
  89  6:28  Supply Depot  
  89  6:32  Marine x2  
  93  6:33  Marine x2  
  93  6:34  Supply Depot  
  93  6:36  Armory  
  93  6:37  SCV  
  93  6:38  SCV x2  
  99  6:44  Marine  
  103  6:49  SCV  
  103  6:50  SCV, Marine  
  103  6:53  Factory  
  103  6:54  SCV  
  104  6:55  Refinery  
  104  6:58  Supply Depot  
  104  7:00  Command Center, Factory Reactor  
  104  7:02  SCV x2  
  104  7:03  Medivac x2  
  104  7:06  SCV  
  104  7:07  Marine  
  104  7:08  Marine x7  
  119  7:14  SCV x2  
  121  7:18  SCV  
  121  7:20  Supply Depot  
  121  7:21  Marine, Supply Depot  
  123  7:25  Marine x3  
  123  7:26  Terran Infantry Weapons Level 2, Marine x4  
  130  7:31  SCV x2  
  130  7:35  Terran Infantry Armor Level 2  
  130  7:36  Marine  
  133  7:39  Marine  
  133  7:41  Widow Mine x2  
  133  7:42  Widow Mine  
  133  7:43  Marine x6  
  136  7:59  Marine x3  
  136  8:01  Marine x6  
  136  8:03  Siege Tank  
  145  8:06  Supply Depot  
  145  8:07  SCV x2  
  145  8:08  Supply Depot  
  141  8:17  Marine x3  
  141  8:19  Marine x2  
  142  8:22  Medivac x2, Widow Mine x2  
  147  8:33  Marine x4  
  149  8:35  Widow Mine, Marine x2  
  149  8:37  Barracks  
  149  8:39  Barracks x2  
  142  8:42  SCV x3  
  142  8:48  Widow Mine x2, Drilling Claws  
  149  8:52  Marine  
  149  8:53  Marine x7  
  157  8:56  Medivac x2  
  157  9:02  SCV x3  
  164  9:07  Command Center  
  164  9:09  Planetary Fortress  
  168  9:17  Widow Mine x2  
  168  9:27  Barracks Tech Lab x3, Widow Mine  
  168  9:28  Marauder, Marine x8  
  146  9:38  Widow Mine  
  146  9:42  Medivac x2  
  147  9:45  Marine  
  147  9:46  Marine x7  
  147  9:48  Ghost Academy  
  147  9:49  Terran Vehicle Weapons Level 1, Marine  
  160  9:53  Widow Mine x2  
  160  10:03  Marine  
  157  10:07  Marauder x2  
  157  10:08  Marine x8, Marauder  
  163  10:17  Liberator, Widow Mine  
  163  10:18  Liberator, Widow Mine x2  
  165  10:21  Marine  
  166  10:33  Command Center  
  166  10:34  Refinery x2  
  166  10:35  Refinery  
  166  10:37  Marauder x3  
  166  10:38  Concussive Shells  
  166  10:39  Widow Mine  
  174  10:48  Marine x7  
  181  10:58  Widow Mine x2  
  181  11:04  Liberator x2  
  181  11:14  Marine x2  
  181  11:15  Marauder x4, Marine x5  
  185  11:22  Marine  
  185  11:23  Widow Mine x3  
  185  11:36  Marauder  
  185  11:37  Marine x5, Marauder  
  185  11:38  Marauder x2  
  194  11:43  SCV x2  
  194  11:44  SCV  
  195  11:51  Marine  
  195  11:52  Marine x2  
  195  11:53  Widow Mine x2  
  200  12:14  Command Center  
Tags
 
Add a new tag
Caveats
  • Supply blocks, unpowered buildings, or Contaminate may cause inaccurate times.
  • Supply counts are checked every 10 seconds.